 Dungeon Crawl Stone Soup version 0.27.1-33-g824d729ab1 (webtiles) character file.

Game seed: 15854889401639519971

3 MisterFreud the Skirmisher (level 1, -1/23 HPs)
             Began as a Gnoll Abyssal Knight on Dec 22, 2021.
             Was an Initiate of Lugonu.
             Slain by a kobold (5 damage)
             ... on level 1 of the Dungeon.
             The game lasted 00:00:14 (139 turns).

MisterFreud the Skirmisher (Gnoll Abyssal Knight)    Turns: 139, Time: 00:00:15

Health: -1/23      AC:  3    Str: 11    XL:     1   Next: 50%
Magic:  3/3        EV: 11    Int: 11    God:    Lugonu [......]
Gold:   19         SH:  0    Dex: 11    Spells: 0/0 levels left

rFire    . . .     SeeInvis .   a - +1 short sword
rCold    . . .     Faith    .   (no shield)
rNeg     . . .     Spirit   .   b - +0 leather armour
rPois    .         Reflect  .   (no helmet)
rElec    .         Harm     .   (no cloak)
rCorr    .         Rampage  .   (no gloves)
Will     .....                  (no boots)
Stlth    +.........             (no amulet)
HPRegen  0.07/turn              (no ring)
MPRegen  0.08/turn              (no ring)

@: no status effects
A: fangs 1, strong nose, distributed training
a: Renounce Religion


You were on level 1 of the Dungeon.
You worshipped Lugonu.
Lugonu was noncommittal.
You visited 1 branch of the dungeon, and saw 1 of its levels.
You visited the Abyss 1 time.

You collected 19 gold pieces.

Inventory:

Hand Weapons
 a - a +1 short sword (weapon)
Armour
 b - a +0 leather armour (worn)


   Skills:
 + Level 6.4 Fighting
 + Level 4.4 Short Blades
 + Level 0.0 Long Blades
 + Level 0.0 Axes
 + Level 0.0 Maces & Flails
 + Level 0.0 Polearms
 + Level 0.0 Staves
 + Level 0.0 Slings
 + Level 0.0 Bows
 + Level 0.0 Crossbows
 + Level 0.0 Throwing
 + Level 4.4 Armour
 + Level 2.3 Dodging
 + Level 0.0 Stealth
 + Level 0.0 Shields
 + Level 0.0 Unarmed Combat
 + Level 0.0 Spellcasting
 + Level 0.0 Conjurations
 + Level 0.0 Hexes
 + Level 0.0 Summonings
 + Level 0.0 Necromancy
 + Level 0.0 Translocations
 + Level 0.0 Transmutations
 + Level 0.0 Fire Magic
 + Level 0.0 Ice Magic
 + Level 0.0 Air Magic
 + Level 0.0 Earth Magic
 + Level 0.0 Poison Magic
 + Level 4.4 Invocations
 + Level 0.0 Evocations


You couldn't memorise any spells.
You didn't know any spells.
Your spell library was empty.

Dungeon Overview and Level Annotations

Branches:
Dungeon (1/15)

Altars:


Innate Abilities, Weirdness & Mutations

You have very sharp teeth.
Your uncanny sense of smell can sniff out nearby items.
Your experience applies equally to all skills.


Message History

A bat and an endoplasm come into view.
The endoplasm quivers.
There are monsters nearby!
There are monsters nearby!
You closely miss the bat. The bat barely misses you. x2
The bat closely misses you.
An endoplasm and a kobold come into view.
The kobold shouts!
The endoplasm quivers.
You hear a shout!
The bat hits you but does no damage.
You hear an angry hiss.
You hit the endoplasm but do no damage. The endoplasm closely misses you.
A goblin comes into view. It is wielding a +0 club.
The kobold misses you.
You hit the endoplasm.
The endoplasm is almost dead.
The endoplasm freezes you.
You are frozen.
The kobold hits you with a +0 short sword.
You hit the endoplasm.
You kill the endoplasm!
Lugonu accepts your kill. The bat closely misses you.
You completely miss the bat. The bat hits you but does no damage.
The kobold closely misses you.
You closely miss the kobold. The bat closely misses you.
The kobold hits you with a +0 short sword.
You hit the goblin.
The goblin is severely wounded.
The bat barely misses you.
A frilled lizard comes into view.
The goblin hits you with a +0 club.
The kobold hits you with a +0 short sword.
* * * LOW HITPOINT WARNING * * *
The bat hits you.
* * * LOW HITPOINT WARNING * * *
The bat completely misses you.
The kobold hits you with a +0 short sword.
You die...

#. .... #.#. .l## #...
.... #.#..... ##....#..
......#.# ...≈...J# ∆
... ..≈≈.gKb# ...#
....≈.#@## ... .....
#..# ...∆ #### ###.
##.####.# #..# ..
#.##... #####..##
####.###.##.####...#....
#............+.<.'.#..
#..##........#...##..#
#.......#.#..#######.#
#.##..................


You could see an endoplasm, a goblin, a bat, a kobold and a frilled lizard.

Vanquished Creatures
  2 bats (D:1)
  An endoplasm (D:1)
3 creatures vanquished.

Notes
Turn   | Place    | Note
-------+----------+-------------------------------------------
     0 | Abyss:1  | MisterFreud the Gnoll Abyssal Knight began the quest for
                  | the Orb.
     0 | Abyss:1  | Reached XP level 1. HP: 23/23 MP: 3/3
    46 | Abyss:1  | Noticed an ancient lich
    47 | D:1      | Escaped the Abyss
   139 | D:1      | Slain by a kobold

Illustrated notes

Levels and vault maps discovered:
D:1:      dpeg_arrival_tiny_h, layout_loops_cross, serial_rivers,
          chequers_serial_rivers_micro_a, chequers_serial_rivers_micro_c,
          chequers_serial_rivers_micro_d, chequers_serial_rivers_micro_e

Action                   || total
-------------------------++-------
Melee: Short sword       ||     9
Invok: Depart the Abyss  ||     1
Armor: Leather armour    ||     3
Dodge: Dodged            ||    11
